AoeStats
← ᅚᅚᅚᅚ

Pilgrims

509224588Analyzed
4v4 RM · 5d ago on Sep 26, 2026· 43m 22s· 8 players
Game mode
Random Map
Map size
Large (8 player)
Population
200
Speed
Normal
Resources
Standard
Victory
Conquest
Starting age
Dark Age
Ending age
Imperial Age
RankedLock teamsTeams togetherTeam positionsShared explorationLock speedFull tech treeHidden civsTurbo modeCheats
Victory
Defeat
🇲🇽 Vietnamese · Mexico
1296
+14
🇺🇸 Dravidians · United States
1259
+16
🇺🇸 Huns · United States
1229
+17
🇲🇽 Persians · Mexico
1215
+19
🇨🇱 Sicilians · Chile
1302
-18
🇨🇱 Sicilians · Chile
1269
-17
🇭🇺 Spanish · Hungary
1239
-16
🇬🇷 Saracens · Greece
1222
-15
DUDA
5:14 Loom
11:40 Feudal Age
13:06 Double-Bit Axe
15:52 Castle Age
13:50 Gold Mining
17:02 Medium Warships
17:27 Bow Saw
19:29 Wheelbarrow
18:56 Town Watch
19:21 Fishing Lines
19:56 Stone Mining
25:04 Imperial Age
23:00 Ballistics
25:25 Thumb Ring
26:56 Chemistry
26:44 Conscription
27:23 Fletching
27:34 Padded Archer Armor
29:31 Horse Collar
35:23 Bodkin Arrow
35:43 Leather Archer Armor
35:35 Scale Barding Armor
41:02 Elite Elephant Archer
43:16 Medical Corps
Naco y Estúpido
8:41 Loom
18:25 Feudal Age
18:52 Double-Bit Axe
19:52 Fletching
27:17 Wheelbarrow
31:32 Castle Age
32:40 Castle Age
30:44 Stone Mining
30:45 Gold Mining
31:02 Scale Barding Armor
31:07 Forging
33:20 Fishing Lines
34:03 Chain Barding Armor
34:18 Iron Casting
34:17 Hand Cart
35:00 Gold Shaft Mining
35:00 Stone Shaft Mining
37:57 Imperial Age
36:51 Bloodlines
36:41 Husbandry
38:50 Plate Barding Armor
39:15 Blast Furnace
39:02 Gillnets
40:30 Conscription
41:02 Bodkin Arrow
42:20 Ballistics
41:25 Elite War Elephant
Peppyzizzle25
8:51 Loom
11:46 Feudal Age
17:29 Castle Age
28:18 Wheelbarrow
29:29 Stone Mining
33:48 Hand Cart
38:24 Imperial Age
37:58 Forging
38:31 Scale Barding Armor
40:00 Iron Casting
40:02 Chain Barding Armor
41:53 Blast Furnace
41:59 Plate Barding Armor
41:54 Conscription
HK El Primo
8:30 Loom
10:58 Feudal Age
15:11 Castle Age
13:35 Double-Bit Axe
16:04 Fletching
16:47 Bow Saw
17:10 Bodkin Arrow
24:50 Ballistics
24:37 Padded Archer Armor
29:19 Town Watch
30:03 Horse Collar
34:07 Imperial Age
33:15 Scale Mail Armor
34:10 Leather Archer Armor
38:22 Two-Man Saw
37:23 Heavy Plow
39:09 Chemistry
[H] Sir Benedict
3:10 Loom
11:12 Feudal Age
16:02 Castle Age
16:01 Fletching
17:05 Bodkin Arrow
21:05 Medium Warships
22:15 Scale Barding Armor
23:05 Bloodlines
23:45 Forging
26:58 Horse Collar
32:09 Chain Barding Armor
37:11 Fervor
37:03 Atonement
Pelantaro
7:23 Loom
9:41 Feudal Age
10:55 Double-Bit Axe
17:21 Fletching
24:07 Castle Age
26:28 Crossbowman
28:13 Bow Saw
32:55 Bodkin Arrow
33:02 Padded Archer Armor
33:19 Horse Collar
33:22 Elite Skirmisher
37:07 Wheelbarrow
39:37 Bodkin Arrow
40:31 Padded Archer Armor
41:53 Leather Archer Armor
43:28 Ballistics
ᅚᅚᅚᅚ
8:36 Loom
11:19 Feudal Age
15:44 Castle Age
14:12 Double-Bit Axe
16:28 Fletching
16:32 Town Watch
18:38 Scale Mail Armor
20:29 Bodkin Arrow
22:25 Horse Collar
28:02 Heavy Plow
28:55 Fishing Lines
29:58 Bow Saw
31:45 Wheelbarrow
33:08 Chain Mail Armor
34:07 Forging
37:46 Iron Casting
42:33 First Crusade
45:31 Imperial Age
nikos9730
9:02 Loom
45:07 Feudal Age
Connection lost

Rejoining the realm…

Still unreachable

The connection could not be restored.

Session expired

The server has moved on; the page needs a fresh start.